 Dungeon Crawl Stone Soup version 0.28.0 (webtiles) character file.

Game seed: 15594828259179796871

200 tikhun the Ducker (level 5, 0/33 HPs)
             Began as a Vampire Gladiator on Feb 17, 2022.
             Slain by an orc (7 damage)
             ... on level 3 of the Dungeon.
             The game lasted 00:23:50 (3323 turns).

tikhun the Ducker (Vampire Gladiator)               Turns: 3323, Time: 00:23:51

Health: 0/33       AC:  8    Str: 11 (13) XL:     5   Next: 49%
Magic:  12/14      EV: 10    Int:  9 (11) God:
Gold:   177        SH:  0    Dex: 15 (17) Spells: 4/4 levels left

rFire   . . .      SeeInvis +   a - +0 rapier
rCold   + + .      Faith    .   (no shield)
rNeg    + + +      Spirit   .   h - +0 scale mail
rPois   ∞          Reflect  .   c - +0 helmet
rElec   .          Harm     .   u - +0 cloak
rCorr   .          Rampage  .   (no gloves)
Will    .....                   (no boots)
Stlth   +++.......              (no amulet)
HPRegen 0.00/turn               f - ring of magical power
MPRegen 0.14/turn               (no ring)

@: bloodless, inhibited regen
A: bloodless, fangs 3, see invisible, vampiric 2
a: Bat Form, Revivify


You were on level 3 of the Dungeon.
You visited 1 branch of the dungeon, and saw 3 of its levels.

You collected 177 gold pieces.

Inventory:

Hand Weapons
 a - a +0 rapier (weapon)
 i - a +2 dagger of protection
 q - a +2 vorpal mace
 t - a +4 quarterstaff of chaos
Missiles
 d - 3 throwing nets (quivered)
 p - 12 poisoned darts
Armour
 b - a +0 leather armour
 c - a +0 helmet (worn)
 g - a +0 chain mail
 h - a +0 scale mail (worn)
 u - a +0 cloak (worn)
Jewellery
 f - a ring of magical power (left hand)
Scrolls
 j - a scroll of identify
 r - a scroll of fear {unknown}
Potions
 e - 2 potions of magic
 k - a potion of haste {unknown}
 l - a potion of flight
 m - a potion of curing
 n - a potion of lignification {unknown}
 o - a potion of resistance {unknown}
 s - a potion of attraction
 v - a potion of ambrosia {unknown}


   Skills:
 * Level 3.9 Fighting
 - Level 3.2 Short Blades
 - Level 1.5 Throwing
 + Level 4.4 Dodging
 + Level 3.9 Stealth


You had 4 spell levels left.
You didn't know any spells.
Your spell library was empty.

Dungeon Overview and Level Annotations

Branches:
Dungeon (3/15)

Altars:
Elyvilon
Kikubaaqudgha
Ru
Beogh

Annotations:
D:3 Colgate's ghost, amateur DsCj


Innate Abilities, Weirdness & Mutations

You do not regenerate when monsters are visible.
You are frail without blood (-20% HP).
You can heal yourself when you bite living creatures.
You are immune to poison.
You have razor-sharp teeth.
You have supernaturally acute eyesight. (SInv)
You are afflicted with vampirism and can become a bat while bloodless.


Message History

You feel your magic capacity decrease.
You feel weakened.
You feel dopey.
You feel clumsy. The orc closely misses you.
There is an open door here.
There is an open door here.
You feel less batty.
Your +0 rapier unmelds from your body.
Your +0 cloak unmelds from your body.
Your +0 helmet unmelds from your body.
Your +0 scale mail unmelds from your body.
Your ring of magical power unmelds from your body.
You feel your magic capacity increase.
There is an open door here.
The orc hits you with a +0 club.
You hit the orc.
You kill the orc!
There is an open door here.
The orc closely misses you.
You barely miss the orc.
The orc hits you with the +8 dagger of Context {holy, Dex+3}!
You convulse.
You hit the orc but do no damage. The orc closely misses you.
You hit the orc but do no damage. The orc closely misses you.
You barely miss the orc. The orc hits you but does no damage.
You hit the orc.
The orc is moderately wounded.
The orc hits you with the +8 dagger of Context {holy, Dex+3}.
You convulse.
You hit the orc but do no damage.
The orc is moderately wounded.
The orc closely misses you.
You barely miss the orc.
The orc is moderately wounded.
The orc hits you with the +8 dagger of Context {holy, Dex+3}.
You convulse.
You hit the orc but do no damage. You bite the orc, but do no damage.
The orc is moderately wounded.
The orc hits you with the +8 dagger of Context {holy, Dex+3}.
* * * LOW HITPOINT WARNING * * *
You convulse!
You die...

####.# # .....# ### .#####
#### #.. ########8.## #.#
8.....#...####### #.#
#..##..#.........##########
#..
#..8#..#.........'.....).>#
###
#..##..#.........#####.####
## ....#.#........@# #.# #.
[...#.'........o### #.#####
#. _.8.#.'...........#
#.....# #.
[...#.'....##.....#
#####.#####.
....#.#....##.....#
#.#.....
#..##..#....##.....#
#.#.###.
#..8#..#..####..÷..#
#####.#.#... #..##..#..#
#.....# #.....#.#.##
#8.....#..# #.....#
#.#####.....


You could see an orc.

Vanquished Creatures
  Crazy Yiuf (D:2)
  Jessica (D:3)
  7 adders
  3 worms
  2 orcs (D:3)
  8 ball pythons
  6 endoplasms
  A giant cockroach (D:1)
  5 goblins
  8 hobgoblins
  4 jackals
  2 quokkas
  9 bats
  4 frilled lizards
  4 kobolds
  8 rats
73 creatures vanquished.

Notes
Turn   | Place    | Note
-------+----------+-------------------------------------------
     0 | D:1      | tikhun the Vampire Gladiator began the quest for the Orb.
     0 | D:1      | Reached XP level 1. HP: 16/16 MP: 1/1
    95 | D:1      | Reached skill level 1 in Stealth
   130 | D:1      | Reached XP level 2. HP: 22/22 MP: 2/2
   486 | D:1      | Gained mutation: You are afflicted with vampirism and can
                  | become a bat while bloodless. [Vampire growth]
   486 | D:1      | Reached XP level 3. HP: 28/28 MP: 3/3
  1589 | D:2      | Reached XP level 4. HP: 35/35 MP: 4/4
  1843 | D:2      | Found a runed translucent door.
  1844 | D:2      | Noticed Crazy Yiuf
  1854 | D:2      | Killed Crazy Yiuf
  1855 | D:2      | Reached skill level 4 in Dodging
  2422 | D:3      | Found an ancient bone altar of Kikubaaqudgha.
  2509 | D:3      | Noticed Jessica
  2516 | D:3      | Killed Jessica
  2517 | D:3      | Reached XP level 5. HP: 33/33 MP: 5/5
  2804 | D:3      | Found a sacrificial altar of Ru.
  3125 | D:3      | Found a runed translucent gate.
  3125 | D:3      | Found a runed translucent gate.
  3126 | D:3      | Found a runed translucent gate.
  3129 | D:3      | Noticed Colgate's ghost (amateur DsCj)
  3132 | D:3      | Identified the +8 dagger of Context {holy, Dex+3}
  3323 | D:3      | Slain by an orc

Illustrated notes

Levels and vault maps discovered:
D:1:      amcnicky_arrival_underground_garden, layout_loops_ring,
          dk_noncrumbling_2
D:2:      minmay_skewed_foursquare, layout_basic, minmay_misc_feat_five,
          hex_medium, uniq_crazy_yiuf_cottage
D:3:      layout_basic, mainiacjoe_overflow_24_doors, marbit_many_paths,
          mainiacjoe_overflow_six_doors_small, biasface_ghost_orc_armoury,
          uniq_jessica

Skill      XL: |  1  2  3  4 |
---------------+-------------+-----
Fighting       | 2 3 |  3.9
Stealth        | 1 2 3 |  3.9
Dodging        | 4 |  4.4
Short Blades   | |  3.2
Throwing       | |  1.5

Action                   |  1- 3 |  4- 6 || total
-------------------------+-------+-------++-------
Melee: Rapier            |   117 |    79 ||   196
       Bite              |    12 |    10 ||    22
       Punch             |     1 |       ||     1
Throw: Throwing net      |     3 |     2 ||     5
 Abil: Exsanguinate      |       |     1 ||     1
       End Transformatio |       |     1 ||     1
       Bat Form          |       |     1 ||     1
  Use: Scroll            |     2 |     2 ||     4
       Potion            |       |     3 ||     3
 Stab: Sleeping          |       |    12 ||    12
Armor: Leather armour    |    16 |       ||    16
       Scale mail        |    32 |    26 ||    58
Dodge: Dodged            |    66 |    33 ||    99
